 Dungeon Crawl Stone Soup version 0.21.1-1-g345015f (webtiles) character file.

37 Lapis the Digger (level 3, 0/28 HPs)
             Began as a Naga Earth Elementalist on Feb 12, 2018.
             Slain by a goblin (3 damage)
             ... led by Robin
             ... on level 2 of the Dungeon.
             The game lasted 00:02:23 (1530 turns).

Lapis the Digger (Naga Earth Elementalist)          Turns: 1530, Time: 00:02:23

Health: 0/28       AC:  2    Str: 10    XL:     3   Next: 41%
Magic:  1/6        EV: 10    Int: 16    God:
Gold:   59         SH:  0    Dex: 11    Spells: 0/6 levels left

rFire    . . .     SeeInvis +   n - +1 dagger (venom)
rCold    . . .     Gourm    .   (no shield)
rNeg     . . .     Faith    .   c - +0 robe
rPois    +         Spirit   .   (no helmet)
rElec    .         Reflect  .   (no cloak)
rCorr    .         Harm     .   (no gloves)
MR       .....                  (no barding)
Stlth    ++........             (no amulet)
HPRegen  0.09/turn              (no ring)
MPRegen  0.10/turn              (no ring)

@: very slow
A: large, see invisible, deformed body, poison resistance, slowness 2, slow
metabolism 1, spit poison 1, AC +1
a: Spit Poison


You were on level 2 of the Dungeon.
You were not hungry.

You visited 1 branch of the dungeon, and saw 2 of its levels.

You collected 59 gold pieces.

Inventory:

Hand Weapons
 a - a +0 spear
 n - a +1 dagger of venom (weapon)
Missiles
 b - 39 stones (quivered)
Armour
 c - a +0 robe (worn)
Scrolls
 g - a scroll of enchant weapon {unknown}
 i - a scroll of amnesia {unknown}
 j - a scroll of fog {unknown}
 k - a scroll of remove curse
 l - 2 scrolls of magic mapping {unknown}
Potions
 f - a potion of mutation {unknown}
 h - 3 potions of degeneration {unknown}
Books
 e - a book of Geomancy

   Spells                             Type                      Level
   a - Sandblast                      Earth                        1
   b - Passwall                       Transmutation/Earth          2
   c - Stone Arrow                    Conjuration/Earth            3
   d - Petrify                        Transmutation/Earth          4
   e - Lee's Rapid Deconstruction     Earth                        5
Comestibles
 d - 5 rations


   Skills:
 - Level 1.5 Dodging
 - Level 3.0 Stealth
 + Level 2.4 Spellcasting
 * Level 0.3 Conjurations
 + Level 1.0 Transmutations
 + Level 4.0 Earth Magic


You couldn't memorise any spells.
You knew the following spells:

 Your Spells              Type           Power        Failure   Level  Hunger
a - Sandblast             Erth           ##....       3%          1    #......
b - Passwall              Tmut/Erth      #.........   11%         2    ###....
c - Stone Arrow           Conj/Erth      #.....       24%         3    ###....


Dungeon Overview and Level Annotations

Branches:
Dungeon (2/15)

Altars:


Innate Abilities, Weirdness & Mutations

You cannot wear boots.
Your serpentine skin is tough. (AC +1)
You have supernaturally acute eyesight. (SInv)
Armour fits poorly on your strangely shaped body.
Your system is resistant to poisons. (rPois)
You cover ground very slowly.
You have a slow metabolism.
You can spit poison.


Message History

Press: ? - help, Shift-Dir - straight line, f - worm
Aim: a worm The blast of sand hits the worm.
The worm is moderately wounded.
b - 40 stones You see here a dagger.
You see here a frilled lizard corpse.
Casting: Sandblast
Confirm with . or Enter, or press ? or * to list all spells.
Aiming: Sandblast
Press: ? - help, Shift-Dir - straight line, f/p - worm
Aim: a worm The blast of sand hits the worm.
The worm is moderately wounded.
b - 39 stones The goblin hits you.
* * * LOW HITPOINT WARNING * * *
You see here a bat corpse.
The goblin hits you.
You die...

......... ...#..#.... ###
#.......###..#..#... ..
...................# .
..................#
.................#### #
....................####. ##
........................ ####.
............<..@g.#..#######....
........[..........#.......#.###
.##.####.........#.#####.†.)....
# #....÷......#w#..w..#######
#..####..........##### . #.#
#.######.### ## ... ....
#......... ... ......
...######## .. ......#...


You could see a goblin.

Vanquished Creatures
  A dart slug (D:1)
  3 giant cockroaches (D:1)
  8 goblins
  4 hobgoblins
  2 jackals (D:1)
  A quokka (D:2)
  5 bats
  2 frilled lizards (D:2)
  6 kobolds (D:1)
  A rat (D:1)
33 creatures vanquished.

Notes
Turn   | Place    | Note
-------+----------+-------------------------------------------
     0 | D:1      | Lapis the Naga Earth Elementalist began the quest for the Orb.
     0 | D:1      | Reached XP level 1. HP: 15/15 MP: 3/3
   529 | D:1      | Reached XP level 2. HP: 8/22 MP: 3/5
   865 | D:1      | Learned a level 2 spell: Passwall
  1173 | D:1      | Reached XP level 3. HP: 28/28 MP: 4/6
  1178 | D:1      | Learned a level 3 spell: Stone Arrow
  1505 | D:2      | Reached skill level 4 in Earth Magic
  1530 | D:2      | Slain by a goblin

Skill      XL: |  1  2  3 |
---------------+----------+-----
Earth Magic    | 4 |  4.0
Dodging        | |  1.5
Stealth        | |  3.0
Spellcasting   | |  2.4
Conjurations   | |  0.3
Transmutations | |  1.0

Action                   || total
-------------------------++-------
Melee: Spear             ||    48
       Dagger            ||    26
 Cast: Sandblast         ||    18
  Use: Scroll            ||     1
 Stab: Sleeping          ||     7
  Eat: Chunk             ||     1
Armor: Robe              ||    11
Dodge: Dodged            ||    43
